 Dungeon Crawl Stone Soup version 0.30-a0-297-g0ec75d9ef4 (webtiles) character file.

Game seed: 172654716518803166

325096 910rd the Warrior (level 20, -15/208 HPs)
             Began as an Armataur Fighter on Oct 19, 2022.
             Was the Champion of Makhleb.
             Demolished by a spriggan berserker
             ... wielding a +0 rapier
              (23 damage)
             ... on level 1 of the Depths.
             The game lasted 03:06:15 (45774 turns).

910rd the Warrior (Armataur Fighter)               Turns: 45774, Time: 03:06:16

Health: -15/208    AC: 23    Str: 36    XL:     20   Next: 73%
Magic:  22/22      EV: 11    Int: 18    God:    Makhleb [******]
Gold:   186        SH: 15    Dex: 18    Spells: 19/19 levels left

rFire   + . .      SeeInvis +    q - +9 demon trident (freeze)
rCold   + . .      Faith    .    c - +2 kite shield {reflect}
rNeg    . . .      Spirit   .    o - +5 chain mail "Picoipriliu" {Str+6}
rPois   +          Reflect  +    K - +2 helmet {SInv}
rElec   +          Harm     .    a - scarf {rC+ rF+}
rCorr   .          Roll     +    A - +1 pair of gloves of Hopscotch {MP-9 Str+4 Int+2 Dex+5}
Will    ++...                    (no barding)
Stlth   ..........               y - amulet of regeneration
HPRegen 1.34/turn                R - ring "Qih Goac" {rElec rPois Int+6 SInv Stlth-}
MPRegen 0.18/turn                B - ring of willpower

@: studying 2 skills
A: large, rugged brown scales 3, deformed body, armoured tail, roll, long
tongue, awkward tongue
}: 2/15 runes: decaying, serpentine
a: Renounce Religion, Minor Destruction, Lesser Servant of Makhleb, Major
Destruction, Greater Servant of Makhleb


You were on level 1 of the Depths.
You worshipped Makhleb.
Makhleb was exalted by your worship.
You visited 8 branches of the dungeon, and saw 36 of its levels.
You also visited: Ice Cave.

You collected 4665 gold pieces.
You spent 4479 gold pieces at shops.

Inventory:

Hand Weapons
 q - a +9 demon trident of freezing (weapon)
 u - the +8 trident of Butchery {venom, rC++ Str+6 Int-4}
   (You found it on level 4 of the Swamp)

   It poisons the flesh of those it strikes.
   Str:       It affects your strength (+6).
   Int:       It affects your intelligence (-4).
   rC:        It greatly protects you from cold.
 v - the +5 mace "Denarut" {flame, +Blink rF- Int+5 Dex+2}
   (You found it on level 2 of the Snake Pit)

   It burns those it strikes, dealing additional fire damage.
   Int:       It affects your intelligence (+5).
   Dex:       It affects your dexterity (+2).
   rF:        It makes you vulnerable to fire.
   +Blink:    It lets you blink.
Missiles
 C - 5 throwing nets
 D - 18 boomerangs (quivered)
 E - 32 poisoned darts
 G - 4 silver javelins
 X - 3 curare-tipped darts
Armour
 a - a scarf of resistance (worn)
 c - a +2 kite shield of reflection (worn)
 o - the +5 chain mail "Picoipriliu" (worn) {Str+6}
   (You found it on level 8 of the Dungeon)

   Str:       It affects your strength (+6).
 p - the +0 pair of gloves of Integrity {rElec Str+6}
   (You found it on level 1 of the Swamp)

   Str:       It affects your strength (+6).
   rElec:     It insulates you from electricity.
 A - the +1 pair of gloves of Hopscotch (worn) {MP-9 Str+4 Int+2 Dex+5}
   (You found it on level 15 of the Dungeon)

   Str:       It affects your strength (+4).
   Int:       It affects your intelligence (+2).
   Dex:       It affects your dexterity (+5).
   MP:        It affects your magic capacity (-9).
 K - a +2 helmet of see invisible (worn)
 Q - a +1 cloak of stealth
 U - a +1 plate armour of willpower
 Z - a +0 pair of gloves of strength
Jewellery
 e - a ring of protection from fire
 i - a ring of flight
 w - a ring of protection from cold
 y - an amulet of regeneration (around neck)
 B - a ring of willpower (right hand)
 P - the amulet "Mefrotosk" {RegenMP rF+ rC- rN+ rCorr}
   (You took it off an ogre mage on level 15 of the Dungeon)

   [amulet of magic regeneration]

   It increases your rate of magic regeneration.
   rF:        It protects you from fire.
   rC:        It makes you vulnerable to cold.
   rN:        It protects you from negative energy.
   rCorr:     It protects you from acid and corrosion.
 R - the ring "Qih Goac" (left hand) {rElec rPois Int+6 SInv Stlth-}
   (You bought it in a shop on level 1 of the Snake Pit)

   [ring of intelligence]

   Int:       It affects your intelligence (+6).
   rElec:     It insulates you from electricity.
   rPois:     It protects you from poison.
   SInv:      It lets you see invisible.
   Stlth:     It makes you less stealthy.
Wands
 g - a wand of acid (27)
 k - a wand of flame (23)
 l - a wand of digging (19)
 I - a wand of charming (2)
 S - a wand of iceblast (36)
Scrolls
 b - a scroll of immolation
 j - 9 scrolls of teleportation
 r - 2 scrolls of poison
 F - 3 scrolls of silence
 L - 3 scrolls of blinking
 M - 3 scrolls of butterflies
 N - a scroll of magic mapping
 O - 8 scrolls of vulnerability
 T - 5 scrolls of fear
 W - a scroll of summoning
Potions
 d - 4 potions of might
 f - 7 potions of attraction
 m - 6 potions of mutation
 n - 11 potions of curing
 s - 3 potions of ambrosia
 t - 4 potions of lignification
 x - 4 potions of heal wounds
 z - 3 potions of resistance
 J - 7 potions of invisibility
 V - 4 potions of cancellation
 Y - 8 potions of haste
Miscellaneous
 h - a box of beasts
 H - a phial of floods


   Skills:
 - Level 20.9 Fighting
 - Level 8.0 Maces & Flails
 - Level 14.0 Polearms
 - Level 3.0 Throwing
 + Level 15.1 Armour
 - Level 8.0 Dodging
 - Level 12.0 Shields
 - Level 15.0 Invocations
 - Level 10.0 Evocations


You had 19 spell levels left.
You didn't know any spells.
Your spell library contained the following spells:

 Spells                   Type           Power      Damage    Failure   Level
 Apportation              Tloc           0%         N/A       71%         1
 Beastly Appendage        Tmut           0%         N/A       71%         1
 Kiss of Death            Conj/Necr      0%         2d5       71%         1
 Summon Small Mammal      Summ           0%         N/A       71%         1
 Static Discharge         Conj/Air       0%         2-2/arc   83%         2
 Sublimation of Blood     Necr           0%         N/A       83%         2
 Wereblood                Tmut           0%         N/A       83%         2
 Call Canine Familiar     Summ           0%         N/A       97%         3
 Confusing Touch          Hex            0%         N/A       97%         3
 Gell's Gravitas          Tloc           0%         N/A       97%         3
 Inner Flame              Hex/Fire       0%         N/A       97%         3
 Mephitic Cloud           Conj/Pois/Air  0%         N/A       97%         3
 Spider Form              Tmut/Pois      0%         N/A       97%         3
 Summon Guardian Golem    Hex/Summ       0%         N/A       97%         3
 Teleport Other           Tloc           0%         N/A       97%         3
 Vampiric Draining        Necr           0%         2d6       97%         3
 Vhi's Electric Charge    Tloc/Air       0%         N/A       97%         3
 Anguish                  Hex/Necr       0%         N/A       100%        4
 Cause Fear               Hex            0%         N/A       100%        4
 Dispel Undead            Necr           0%         3d6       100%        4
 Petrify                  Tmut/Erth      0%         N/A       100%        4
 Summon Ice Beast         Ice/Summ       0%         N/A       100%        4
 Alistair's Intoxication  Tmut/Pois      0%         N/A       100%        5
 Arcjolt                  Conj/Air       0%         1d10      100%        5
 Irradiate                Conj/Tmut      0%         3d11      100%        5
 Iskenderun's Battlesphe  Conj           0%         2d6       100%        5
 Lightning Bolt           Conj/Air       0%         1d11      100%        5
 Summon Forest            Summ/Tloc      0%         N/A       100%        5
 Summon Mana Viper        Hex/Summ       0%         N/A       100%        5
 Dispersal                Tloc           0%         N/A       100%        6
 Eringya's Noxious Bog    Tmut/Pois      0%         N/A       100%        6
 Iron Shot                Conj/Erth      0%         9d1       100%        6
 Dragon Form              Tmut           0%         N/A       100%        7
 Monstrous Menagerie      Summ           0%         N/A       100%        7
 Spellforged Servitor     Conj/Summ      0%         N/A       100%        7
 Summon Hydra             Summ           0%         N/A       100%        7
 Borgnjor's Revivificati  Necr           0%         N/A       100%        8
 Discord                  Hex            0%         N/A       100%        8
 Dragon's Call            Summ           0%         N/A       100%        9


Dungeon Overview and Level Annotations

Branches:
Dungeon (15/15) Zot: 23259  Temple (1/1) D:6 Zot: 5800    Lair (5/5) D:9 Zot: 22105
  Swamp (4/4) Lair:2 Zot: 20223   Snake (4/4) Lair:3 Zot: 17938   Slime (0/5) Lair:4
    Orc (2/2) D:9 Zot: 9837     Elf (0/3) Orc:2        Vaults (4/5) D:13 Zot: 17224
  Crypt (0/3) Vaults:3     Depths (1/4) D:15 Zot: 5734   IceCv (visited)

Altars:
Ashenzari
Cheibriados
Dithmenos
Elyvilon
Fedhas
Gozag
Hepliaklqana
Kikubaaqudgha
Makhleb
Nemelex Xobeh
Okawaru
Qazlal
Ru
Sif Muna
Trog
Uskayaw
Vehumet
Wu Jian
Xom
Yredelemnul
Zin
The Shining One

Shops:
D:5 [   D:9 *   D:13 [(   D:14 ?   D:15 ?   Orc:2 (*[:[*([   Snake:1 ::=!
Snake:2 :   Snake:4 *   Vaults:1 ?   Vaults:3 *   Vaults:4 *   Depths:1 [!(*

Portals:
Pandemonium: Depths:1

Annotations:
D:12 2 transporters
Lair:4 exclusion: downstairs


Innate Abilities, Weirdness & Mutations

You are completely covered in rugged brown scales. (AC +3, +7% HP)
Armour fits poorly on your strangely shaped body.
You have a long armoured tail.
You roll when moving toward enemies. (Rampage)
Your long tongue fully drains potion bottles. (2x potion effects)
Your tongue gives you trouble enunciating. (1.5x scroll delay)


Message History

You tail-slap the spriggan berserker.
The spriggan berserker is lightly wounded.
The spriggan berserker hits you with a +0 rapier!!
The death yak closely misses you.
You take 17 damage, and have 169/208 hp.
You miss the spriggan berserker.
The spriggan berserker is lightly wounded.
The spriggan berserker hits you with a +0 rapier!!
* * * LOW HITPOINT WARNING * * *
The death yak gores you!!
* * * LOW HITPOINT WARNING * * *
An ice dragon comes into view.
The spriggan berserker hits you with a +0 rapier!
* * * LOW HITPOINT WARNING * * *
You take 71 damage, and have 98/208 hp.
MASSIVE DAMAGE!!
You miss the spriggan berserker.
You tail-slap the spriggan berserker, but do no damage.
The spriggan berserker is lightly wounded.
You block the death yak's attack.
You block the spriggan berserker's attack.
The death yak attacks as you move away! The death yak closely misses you.
The death yak attacks as you move away! The death yak closely misses you.
The spriggan berserker attacks as you move away!
The spriggan berserker barely misses you.
The phantasmal warrior gestures at you.
The phantasmal warrior blinks!
The spriggan berserker hits you with a +0 rapier!!
* * * LOW HITPOINT WARNING * * *
The death yak misses you.
You take 30 damage, and have 70/208 hp.
The death yak attacks as you move away! The death yak gores you!!
* * * LOW HITPOINT WARNING * * *
The spriggan berserker attacks as you move away!
The spriggan berserker hits you with a +0 rapier!!
* * * LOW HITPOINT WARNING * * *
The spriggan berserker rages.
The phantasmal warrior gestures at you.
The phantasmal warrior blinks!
The spriggan berserker hits you with a +0 rapier!!
You die...

###.### #........##...
##.....## #.......##....
##.......## #......##..).#
##.........## #.....##....##
##.....∩.....####....##....##
#.............#.#....#....##
C..#.............#.'....#...##
..uu...∩..#..∩§.††W#.......##
#..#.^..........@#†#......##
#.....D.....Yi###......#
##.....∩.....## #......# #
##.........## #.....## .#
##.....).## #...<..# .#
##.....##. #......###.##
###.### .. #..[.[##....# ....
..##...........# #..>.
........÷......#


You could see an ice dragon, a death yak (summoned, berserk), a spriggan
berserker (berserk, regenerating, strong-willed) and a phantasmal warrior.

Vanquished Creatures
  the Lernaean hydra (Swamp:4)
  A bone dragon (Vaults:3)
  Mlioglotl (Swamp:4)
  2 sphinxes
  Kirke (Lair:4)
  2 tengu reavers (Vaults:1)
  A fenstrider witch (Swamp:4)
  7 nagarajas (Snake:4)
  A fire giant (Depths:1)
  The ghost of Ekiexto the Warrior, a journeyman OgBe of Trog (Lair:1)
  An orc warlord (Orc:1)
  9 vault wardens
  14 ironbound preservers
  A war gargoyle (D:13)
  A quicksilver ooze (D:13)
  A stone giant (Vaults:1)
  9 very ugly things
  12 ironbound thunderhulks
  Azrael (D:13)
  5 eleionomae
  The ghost of niknal the Grappler, a journeyman TrNe of Kikubaaqudgha (Lair:2)
  2 bunyips
  20 dire elephants
  2 ettins
  The ghost of crabbyslav the Martial Artist, a journeyman DsBe of Trog (Lair:2)
  A deep elf death mage (Vaults:1)
  A fire dragon (Lair:5)
  The ghost of Nank the Warrior, a journeyman GrBe of Trog (Lair:2)
  A shambling mangrove (Swamp:4)
  A deep elf high priest (Vaults:1)
  3 great orbs of eyes
  8 yaktaur captains
  7 vault guards
  An entropy weaver (Vaults:1)
  3 catoblepae (D:14)
  A rakshasa (Depths:1)
  2 ice dragons
  15 hydras
  A catoblepas (shapeshifter) (Vaults:1)
  9 centaur warriors
  10 ironbound frosthearts
  5 salamander tyrants
  A ghost crab (Swamp:4)
  10 anacondas
  5 boulder beetles
  An ogre mage (D:15)
  17 naga warriors
  2 deep troll shamans
  8 alligators
  10 two-headed ogres
  2 deep troll earth magi
  12 naga sharpshooters
  9 death yaks
  Urug (Lair:3)
  An orc high priest (Orc:2)
  3 iron trolls
  A salamander mystic (Snake:2)
  2 skeletal warriors (D:15)
  A bunyip zombie (Swamp:4)
  2 goliath frogs (Swamp:2)
  6 spriggan druids
  A golden dragon zombie (D:15)
  9 bog bodies
  A glowing orange brain (Vaults:2)
  A flayed ghost (D:15)
  36 deep trolls
  3 sea snakes (Snake:4)
  17 ironbound convokers
  A tengu zombie (Vaults:2)
  12 wizards
  3 orc knights (Orc:1)
  A shadow dragon zombie (Vaults:2)
  8 naga ritualists
  4 necromancers
  7 lindwurms
  13 swamp dragons
  10 mana vipers
  2 iron dragon zombies (D:15)
  5 deep elf pyromancers
  3 orc sorcerers (Orc:2)
  2 human zombies
  11 cyclopes
  5 manticores
  4 will-o-the-wisps
  31 slime creatures
  15 elephants
  18 salamanders
  42 ugly things
  A tengu skeleton (Vaults:1)
  A sphinx skeleton (Vaults:1)
  27 black mambas
  2 guardian serpents (Snake:4)
  18 naga magi
  10 vault sentinels
  An ice statue (IceCv)
  3 molten gargoyles (Lair:5)
  3 orange demons (D:10)
  4 gargoyles
  Maggie (D:10)
  8 cane toads
  22 yaktaurs
  An unseen horror (D:11)
  7 rime drakes
  12 komodo dragons
  2 kobold demonologists
  2 ice devils (Lair:3)
  An efreet (D:15)
  3 red devils (D:10)
  12 tyrant leeches
  A tarantella (Snake:4)
  3 meliai (D:15)
  8 trolls
  12 hornets
  A wind drake (Snake:4)
  7 dream sheep
  A snapping turtle (Snake:2)
  13 blink frogs
  An ettin zombie (D:15)
  A water elemental (D:13)
  A shadow (D:8)
  3 wraiths
  6 wyverns
  A vampire (D:12)
  A culicivora (shapeshifter) (D:13)
  11 spriggans
  62 yaks
  8 basilisks
  12 vampire mosquitoes
  2 hogs (Lair:4)
  3 steam dragons
  A yaktaur simulacrum (Vaults:2)
  2 redbacks (Vaults:1)
  11 swamp worms
  3 wargs
  Menkaure (D:7)
  A swamp worm (shapeshifter) (Vaults:4)
  51 nagas
  5 hell hounds
  10 water moccasins
  A floating eye (Snake:1)
  10 swamp drakes (Swamp:4)
  2 hornet zombies (Swamp:4)
  A spriggan simulacrum (Swamp:4)
  30 orc warriors
  3 black bears
  A sky beast (D:8)
  10 ogres
  An ice beast (D:5)
  5 boggarts
  A wolf (D:9)
  A swamp dragon skeleton (Swamp:4)
  5 centaurs
  12 bullfrogs
  A kobold brigand (D:6)
  Blork the orc (D:4)
  A necrophage (D:8)
  2 scorpions
  9 wights
  7 killer bees
  A lindwurm simulacrum (IceCv)
  8 electric eels
  7 howler monkeys
  A jelly (D:7)
  5 lava snakes (Lair:5)
  10 hounds
  6 komodo dragon simulacra (IceCv)
  2 gnoll boudas
  10 orc priests
  An iguana (D:6)
  Ijyb (D:3)
  23 orc wizards
  Robin (D:2)
  9 gnolls
  6 acid dragon simulacra (IceCv)
  7 adders
  A shadow imp (D:6)
  3 white imps
  8 steam dragon simulacra (IceCv)
  3 ufetubi
  A worm (D:5)
  A dart slug (D:1)
  61 orcs
  A bat (D:1)
  3 endoplasms
  A giant cockroach (D:3)
  5 hobgoblins (D:2)
  8 jackals
  6 quokkas
  7 ball pythons
  4 frilled lizards
  16 goblins
  13 kobolds
  5 rats
  2 toadstools (D:5)
1262 creatures vanquished.

Vanquished Creatures (collateral kills)
  Asterion (Vaults:1)
  Donald (Vaults:4)
  5 nagarajas (Snake:4)
  Aizul (Swamp:2)
  An ironbound preserver (Vaults:1)
  A quicksilver ooze (D:13)
  An ice dragon (D:13)
  A hydra (Swamp:4)
  A vault guard (Vaults:4)
  2 ironbound frosthearts (Vaults:1)
  A naga warrior (Snake:4)
  2 naga sharpshooters (Snake:4)
  A deep troll (Vaults:1)
  2 swamp dragons (Swamp:4)
  2 ugly things
  A mana viper (Snake:4)
  2 guardian serpents (Snake:4)
  A vault sentinel (Vaults:4)
  A tyrant leech (Swamp:4)
  2 fire elementals (D:13)
  2 nagas (Snake:4)
  3 hell hounds (D:13)
  2 electric eels (Snake:4)
  A howler monkey (D:12)
38 creatures vanquished.

Vanquished Creatures (others)
  A nagaraja (Snake:4)
  A vault warden (Vaults:4)
  An ettin (Vaults:1)
  A naga warrior (Snake:4)
  A slime creature (D:12)
  A black mamba (Lair:5)
  A water nymph (shapeshifter) (Vaults:2)
  A rime drake (IceCv)
  A vampire mosquito (D:7)
  2 bushes (Lair:5)
  18 foxfires
  36 fungi
  148 plants
  3 toadstools (D:5)
  5 withered plants
221 creatures vanquished.

Grand Total: 1521 creatures vanquished

Notes
Turn   | Place    | Note
-------+----------+-------------------------------------------
     0 | D:1      | 910rd the Armataur Fighter began the quest for the Orb.
     0 | D:1      | Reached XP level 1. HP: 19/19 MP: 1/1
   100 | D:1      | Reached XP level 2. HP: 26/26 MP: 2/2
   588 | D:2      | Reached XP level 3. HP: 30/32 MP: 3/3
   650 | D:2      | Noticed Robin
   957 | D:2      | Killed Robin
   974 | D:2      | Reached XP level 4. HP: 18/39 MP: 4/4
  1592 | D:3      | Noticed Ijyb
  1620 | D:3      | Killed Ijyb
  1775 | D:3      | Reached skill level 5 in Maces & Flails
  1775 | D:3      | Reached XP level 5. HP: 44/44 MP: 5/5
  1783 | D:3      | Found a blossoming altar of Fedhas.
  3127 | D:4      | Noticed Blork the orc
  3142 | D:4      | Killed Blork the orc
  3143 | D:4      | Reached XP level 6. HP: 33/53 MP: 6/6
  3577 | D:5      | Entered Level 5 of the Dungeon
  3715 | D:5      | Found Raalutoq's Armour Shop.
  3726 | D:5      | Noticed an ice beast
  3740 | D:5      | Killed an ice beast
  3741 | D:5      | Reached skill level 3 in Fighting
  3978 | D:5      | Reached skill level 4 in Fighting
  4100 | D:6      | Reached XP level 7. HP: 52/64 MP: 7/7
  4208 | D:6      | Found a staircase to the Ecumenical Temple.
  4217 | Temple   | Entered the Ecumenical Temple
  4402 | Temple   | Became a worshipper of Makhleb the Destroyer
  4432 | D:6      | Reached skill level 5 in Fighting
  4532 | D:6      | HP: 1/65 [ogre/+0 giant club (22)]
  4952 | D:7      | Noticed a vampire mosquito
  4961 | D:7      | Noticed a vampire mosquito
  4962 | D:7      | Noticed a wyvern
  4964 | D:7      | Noticed a vampire mosquito
  4972 | D:7      | Killed a vampire mosquito
  4973 | D:7      | Reached XP level 8. HP: 54/72 MP: 8/8
  5027 | D:7      | Reached skill level 1 in Throwing
  5309 | D:7      | Reached skill level 6 in Fighting
  5458 | D:7      | Reached * piety under Makhleb
  5475 | D:7      | Reached skill level 5 in Armour
  5475 | D:7      | Reached XP level 9. HP: 15/77 MP: 9/9
  5836 | D:7      | Noticed Menkaure
  5842 | D:7      | Killed Menkaure
  6078 | D:8      | Reached skill level 7 in Fighting
  6097 | D:8      | Noticed Maurice
  6101 | D:8      | Maurice changed into Maurice the gnoll
  6101 | D:8      | Noticed Maurice
  6104 | D:8      | Killed Maurice the gnoll
  6245 | D:8      | Reached skill level 8 in Fighting
  6428 | D:8      | Identified the +5 chain mail "Picoipriliu" {Str+6}
  6648 | D:8      | Found Zin's Purification Station.
  6651 | D:8      | Found a glowing silver altar of Zin.
  6654 | D:8      | Bought a potion of curing for 90 gold pieces
  6666 | D:8      | Identified the +6 spear "Hydra's Bane" {freeze, Will+ Int-4
                  | Dex+7}
  6687 | D:8      | Found a sparkling altar of Nemelex Xobeh.
  7017 | D:8      | Reached skill level 9 in Fighting
  7094 | D:9      | Reached ** piety under Makhleb
  7223 | D:9      | Found a staircase to the Lair.
  7228 | D:9      | Noticed a troll
  7229 | D:9      | Reached XP level 10. HP: 89/91 MP: 10/10
  7256 | D:9      | Reached skill level 10 in Fighting
  7391 | D:9      | Found Lohoene's Neck Hole.
  7433 | D:9      | Reached skill level 1 in Invocations
  7888 | D:9      | Found a staircase to the Orcish Mines.
  7999 | D:10     | Entered Level 10 of the Dungeon
  8102 | D:10     | Identified a scroll of acquirement
  8242 | D:10     | Noticed an orange demon
  8286 | D:10     | Noticed Maggie
  8309 | D:9      | Reached skill level 5 in Invocations
  8379 | D:10     | Killed Maggie
  8379 | D:10     | Reached *** piety under Makhleb
  8622 | D:10     | Noticed an orange demon
  8636 | D:10     | Killed an orange demon
  8650 | D:10     | Killed an orange demon
  8651 | D:10     | Reached XP level 11. HP: 65/108 MP: 16/16
  8702 | D:10     | HP: 2/108 [red devil/+2 demon trident of freezing (5)]
  8714 | D:10     | Reached skill level 1 in Dodging
  8753 | D:10     | Reached skill level 1 in Polearms
  9052 | D:10     | Noticed a sixfirhy
  9063 | D:10     | Noticed Sonja
  9064 | D:10     | Sonja changed into Sonja the black bear
  9064 | D:10     | Noticed Sonja
  9069 | D:10     | Killed Sonja the black bear
  9215 | Lair:1   | Entered Level 1 of the Lair of Beasts
  9253 | Lair:1   | Identified the +0 chain mail of the Wilderness {-Tele
                  | Will++}
  9317 | Lair:1   | Reached skill level 5 in Polearms
  9539 | Lair:1   | Reached **** piety under Makhleb
 10330 | Lair:2   | Found a staircase to the Swamp.
 10330 | Lair:2   | Noticed a bog body
 10330 | Lair:2   | Noticed a bog body
 10485 | Lair:2   | Found a runed translucent gate.
 10486 | Lair:2   | Found a runed translucent gate.
 10487 | Lair:2   | Found a runed translucent gate.
 10488 | Lair:2   | Noticed Ekiexto's ghost (journeyman OgBe)
 10488 | Lair:2   | Noticed niknal's ghost (journeyman TrNe)
 10489 | Lair:2   | Noticed crabbyslav's ghost (journeyman DsBe)
 10489 | Lair:2   | Noticed Nank's ghost (journeyman GrBe)
 10575 | Lair:2   | Reached XP level 12. HP: 65/115 MP: 18/18
 11311 | Lair:3   | You fall into a shaft and drop 1 floor!
 11362 | Lair:3   | Found a frozen archway.
 11430 | IceCv    | Entered an ice cave
 11471 | IceCv    | Reached ***** piety under Makhleb
 11615 | IceCv    | Reached skill level 10 in Polearms
 11675 | IceCv    | Noticed a white draconian
 12213 | Lair:3   | Noticed Urug
 12220 | Lair:3   | Killed Urug
 12309 | Lair:3   | Found a staircase to the Snake Pit.
 12340 | Lair:3   | Noticed a death yak
 12357 | Lair:3   | Killed a death yak
 12366 | Lair:3   | Noticed a death yak
 12367 | Lair:3   | Noticed a death yak
 12371 | Lair:3   | Noticed a death yak
 12374 | Lair:3   | Noticed a death yak
 12644 | Lair:3   | Noticed a death yak
 12667 | Lair:3   | Killed a death yak
 12677 | Lair:3   | Killed a death yak
 12680 | Lair:3   | Killed a death yak
 12686 | Lair:3   | Killed a death yak
 12697 | Lair:3   | Killed a death yak
 12950 | Lair:4   | Noticed Kirke
 13110 | Lair:3   | Found a staircase to the Snake Pit.
 13162 | Lair:3   | Reached XP level 13. HP: 114/121 MP: 19/19
 14123 | Lair:4   | Found a staircase to the Slime Pits.
 14682 | Lair:5   | Entered Level 5 of the Lair of Beasts
 14788 | Lair:4   | Killed Kirke
 15179 | Lair:5   | Noticed a fire dragon
 15197 | Lair:5   | Reached skill level 10 in Invocations
 15226 | Lair:5   | Reached ****** piety under Makhleb
 15230 | Lair:5   | Reached XP level 14. HP: 123/130 MP: 21/21
 15256 | Lair:5   | Found a large runed translucent door.
 15256 | Lair:5   | Found a large runed translucent door.
 16445 | D:9      | Bought a scarf of resistance for 448 gold pieces
 16518 | Orc:1    | Entered Level 1 of the Orcish Mines
 16676 | Orc:2    | Entered Level 2 of the Orcish Mines
 16677 | Orc:2    | Found Lupon's Armour Boutique.
 17164 | Orc:2    | Found a staircase to the Elven Halls.
 17226 | Orc:2    | Found Qoiciano's Armour Shop.
 17427 | Orc:2    | Found Eppoty's Magic Scroll Shop.
 17616 | Orc:2    | Noticed an orc warlord
 17834 | Orc:1    | Killed an orc warlord
 18157 | Orc:2    | Found Hegy's Book Boutique.
 18164 | Orc:2    | Found Nulacymeili's Antique Armour Boutique.
 18187 | Orc:2    | Found Ymedoffiuk's Antique Weapon Boutique.
 18244 | Orc:2    | Found Tuarghoy's Antique Weapon Shop.
 18262 | Orc:2    | Found Otehetom's Assorted Antiques.
 18335 | Orc:2    | Found Durph's General Store.
 18371 | Orc:2    | Bought an iridescent halberd for 261 gold pieces
 18371 | Orc:2    | Identified the +5 halberd of Luply {vorpal, rPois rF- Str+9
                  | Stlth-} (You bought it in a shop on level 2 of the Orcish
                  | Mines)
 18393 | Orc:2    | Bought a runed helmet for 240 gold pieces
 18444 | Orc:2    | Bought a +0 pair of gloves of strength for 161 gold pieces
 18502 | Orc:2    | Acquired 607 gold pieces
 19955 | D:12     | You fall into a shaft and drop 2 floors!
 19962 | D:13     | Found Ocyuhe Waqa's Weapon Boutique.
 19989 | D:13     | Bought 6 poisoned darts for 38 gold pieces
 20044 | D:13     | a slime creature changed into a quicksilver ooze
 20044 | D:13     | Noticed a quicksilver ooze
 20044 | D:13     | a slime creature changed into a quicksilver ooze
 20044 | D:13     | Noticed a quicksilver ooze
 20211 | D:13     | Killed a quicksilver ooze
 20375 | D:12     | Found a transporter.
 20466 | D:12     | Found a transporter.
 21082 | D:13     | Noticed Azrael
 21251 | D:13     | Killed a quicksilver ooze
 21287 | D:13     | Reached XP level 15. HP: 93/136 MP: 15/25
 21302 | D:13     | Killed Azrael
 21658 | D:13     | Reached skill level 15 in Invocations
 21713 | D:13     | Identified the +0 robe of Afigim {*Corrode Int+9 Dex+5}
 21748 | D:13     | Got the Spellbook of Air
 21851 | D:13     | Reached skill level 11 in Fighting
 22029 | D:13     | Found Fummalanki's Antique Armour Boutique.
 22111 | D:13     | Found a gate to the Vaults.
 22677 | D:14     | Found a shadowy altar of Dithmenos.
 22786 | D:14     | Reached skill level 12 in Fighting
 22898 | D:14     | Found Geggiregi's Magic Scroll Shop.
 22907 | D:14     | Bought a scroll of teleportation for 45 gold pieces
 22907 | D:14     | Bought a scroll of teleportation for 45 gold pieces
 22907 | D:14     | Bought a scroll of teleportation for 45 gold pieces
 22907 | D:14     | Bought a scroll of teleportation for 45 gold pieces
 22907 | D:14     | Bought a scroll of fear for 60 gold pieces
 22962 | D:14     | Reached skill level 5 in Evocations
 23083 | D:14     | Found the +6 shillelagh "Devastator" {shatter}
 23264 | D:15     | Entered Level 15 of the Dungeon
 23910 | D:15     | Identified the +1 pair of gloves of Hopscotch {MP-9 Str+4
                  | Int+2 Dex+5}
 23998 | D:15     | Identified the amulet "Mefrotosk" {RegenMP rF+ rC- rN+
                  | rCorr}
 24131 | D:13     | Found Ocyuhe Waqa's Weapon Boutique.
 24421 | D:13     | Found a gate to the Vaults.
 24429 | D:13     | Found Fummalanki's Antique Armour Boutique.
 24701 | D:15     | Found Qaul Segg's Magic Scroll Boutique.
 24709 | D:15     | Bought a scroll of blinking for 120 gold pieces
 24709 | D:15     | Bought a scroll of immolation for 64 gold pieces
 24936 | D:15     | Found a staircase to the Depths.
 25318 | Snake:1  | Entered Level 1 of the Snake Pit
 25349 | Snake:1  | Reached skill level 13 in Fighting
 25435 | Snake:1  | Found Amassif's Distillery.
 25541 | Snake:1  | Reached XP level 16. HP: 136/154 MP: 18/27
 26089 | Snake:1  | Reached skill level 14 in Fighting
 26255 | Snake:1  | Found Koas Kestroiwn's Book Emporium.
 26256 | Snake:1  | Found Teti's Jewellery Boutique.
 26257 | Snake:1  | Found Vadovaode's Book Emporium.
 26620 | Snake:2  | Identified the +5 mace "Denarut" {flame, +Blink rF- Int+5
                  | Dex+2}
 27232 | Snake:2  | Found Rieseisu's Self-Improvement Boutique.
 27360 | Snake:2  | Reached skill level 15 in Fighting
 27914 | Snake:3  | Reached skill level 5 in Shields
 28830 | Snake:4  | Entered Level 4 of the Snake Pit
 28956 | Snake:4  | Found Ratwikhli's Assorted Antiques.
 29354 | Snake:4  | Reached skill level 10 in Armour
 29849 | Snake:4  | Reached XP level 17. HP: 166/166 MP: 19/28
 30806 | Snake:4  | Identified the +10 war axe of Spite {antimagic, Str+7}
 31022 | Snake:4  | Reached skill level 16 in Fighting
 31440 | Snake:4  | Got a serpentine rune of Zot
 31621 | Swamp:1  | Entered Level 1 of the Swamp
 31668 | Swamp:1  | Identified the +0 pair of gloves of Integrity {rElec Str+6}
 31858 | Swamp:1  | Reached skill level 17 in Fighting
 32734 | Swamp:2  | Noticed Aizul
 32746 | Swamp:2  | Killed Aizul
 33523 | Swamp:3  | Reached XP level 18. HP: 182/182 MP: 20/29
 33660 | Swamp:4  | Entered Level 4 of the Swamp
 33660 | Swamp:4  | Noticed Mlioglotl
 33665 | Swamp:4  | Killed Mlioglotl
 33858 | Swamp:4  | Identified the +8 trident of Butchery {venom, rC++ Str+6
                  | Int-4}
 33878 | Swamp:4  | Found an ancient bone altar of Kikubaaqudgha.
 34215 | Swamp:4  | Got the Treatise on Unhallowed Magic
 34281 | Swamp:4  | Identified the +7 dagger "Maog" {vorpal, Fragile rElec
                  | Will++}
 34556 | Swamp:4  | Reached skill level 5 in Dodging
 34648 | Swamp:4  | Noticed the 27-headed Lernaean hydra
 34656 | Swamp:4  | Killed the 27-headed Lernaean hydra
 34783 | Swamp:4  | Got a decaying rune of Zot
 35100 | Lair:1   | Killed Ekiexto's ghost
 35154 | Lair:2   | Identified the +5 mace of Ukeufomm {vorpal, Dex+3}
 35189 | Lair:2   | Killed Nank's ghost
 35213 | Lair:2   | Killed crabbyslav's ghost
 35518 | Lair:2   | Killed niknal's ghost
 35529 | Lair:2   | Found a staircase to the Swamp.
 36570 | Orc:2    | Bought a glowing plate armour for 858 gold pieces
 36797 | Vaults:1 | Entered Level 1 of the Vaults
 36952 | Vaults:1 | Reached skill level 18 in Fighting
 37285 | Vaults:1 | HP: 6/184 [ironbound frostheart/creeping frost (21)]
 37424 | Vaults:1 | Reached skill level 10 in Shields
 37434 | Vaults:1 | Identified the +3 kite shield of the Morning Star {rF+
                  | Int+4 Dex+2}
 37434 | Vaults:1 | Noticed Asterion
 37477 | Vaults:1 | Killed Asterion
 37708 | Vaults:1 | Reached XP level 19. HP: 100/191 MP: 21/30
 38221 | Vaults:1 | Paralysed by a sphinx for 4 turns
 38506 | Vaults:1 | Found Ercheck's Magic Scroll Shoppe.
 38597 | Vaults:1 | Reached skill level 19 in Fighting
 39610 | Vaults:2 | Identified the +1 pair of gloves "Pigiacih" {Dex+4}
 39742 | Vaults:2 | Reached skill level 20 in Fighting
 41266 | Vaults:3 | Noticed a bone dragon
 41287 | Vaults:3 | Killed a bone dragon
 41330 | Vaults:3 | Reached XP level 20. HP: 199/208 MP: 22/31
 41333 | Vaults:3 | Found a staircase to the Crypt.
 41683 | Vaults:3 | You fall into a shaft and drop 1 floor!
 41722 | Vaults:4 | Reached skill level 15 in Armour
 42015 | Vaults:3 | Found Huoqop's General Store.
 42620 | Vaults:4 | Found Iromar's General Store.
 42833 | Vaults:4 | Reached skill level 10 in Evocations
 42859 | Vaults:4 | Noticed Donald
 42878 | Vaults:4 | Killed Donald
 43386 | Vaults:4 | Bought 3 scrolls of fear for 156 gold pieces
 43405 | Vaults:4 | Identified the +3 ring mail of the Heron {Harm rF++}
 44437 | D:13     | Bought a shiny plate armour for 858 gold pieces
 44759 | Snake:1  | Bought the ring "Qih Goac" {rElec rPois Int+6 SInv Stlth-}
                  | for 855 gold pieces
 45204 | Depths:1 | Entered Level 1 of the Depths
 45221 | Depths:1 | Found a one-way gate leading to the halls of Pandemonium.
 45673 | Depths:1 | Found Ofaephad's Assorted Antiques.
 45676 | Depths:1 | Found Boroib's Antique Weapon Emporium.
 45676 | Depths:1 | Found Soto's Distillery.
 45681 | Depths:1 | Found Ydios's Armour Shoppe.
 45690 | Depths:1 | Bought a potion of heal wounds for 90 gold pieces
 45774 | Depths:1 | HP: 6/208 [spriggan berserker/+0 rapier (34)]
 45774 | Depths:1 | Demolished by a spriggan berserker

Illustrated notes

Levels and vault maps discovered:
D:1:      tarquinn_simple_flora_water_e, layout_basic, minivault_14
D:2:      layout_basic, grunt_ministairs_13, uniq_robin
D:3:      layout_basic, nicolae_overflow_crystal_walls, uniq_ijyb
D:4:      layout_basic, kennysheep_generic_room_14, uniq_blork_the_orc
D:5:      layout_rooms, serial_shops, nicolae_shop_statue_plus,
          minmay_gold_behind_fungi
D:6:      layout_gridville, minmay_temple_entry_grid
D:7:      layout_basic, uniq_menkaure
D:8:      layout_loops_corners, zin_purify, mainiacjoe_overflow_boulevard,
          uniq_maurice
D:9:      layout_roguey, erik_lair_island, david_orc_4, grunt_ministairs_15,
          nicolae_shop_sticking_my_neck_out
D:10:     layout_roguey, minmay_beelzebubs_servants, uniq_sonja, uniq_maggie
D:11:     layout_stronghold
D:12:     gammafunk_cloud_chamber, layout_rooms
D:13:     minmay_box_of_statues, layout_rooms, david_vaults_1, serial_shops,
          shop, nicolae_shop_hallway_stairs, uniq_azrael
D:14:     minmay_roctagon, layout_basic, serial_shops,
          nicolae_shop_hallway_plus, nicolae_dithmenos_shadow_blocks
D:15:     gammafunk_depths_entry_grave, layout_loops_ring, serial_park_gazebo
          [serial_park_minivault_5x5_4], serial_shops, shop,
          hangedman_abyss_or_decor_clamps, nicolae_water_bricks
Temple:   nicolae_temple_bog_church
Lair:1:   layout_regular_city, fungi_pond_lemuel, nicolae_quartered_pool_super
Lair:2:   layout_loops_ring, skrybe_swamp_entry_bodies,
          gammafunk_ghost_cemetery, beast_lair_carwin_8, serial_bayou_shore_a
Lair:3:   layout_long_grid, guppyfry_snake_entry_garden,
          portal_ice_cave_demonic_guard, nicolae_lair_grazing_beasts
          [nicolae_sub_lair_graze_edge, nicolae_sub_lair_graze_edge,
          nicolae_sub_lair_graze_edge, nicolae_sub_lair_graze_edge], uniq_urug
Lair:4:   layout_roguey, slime_entry_1, uniq_kirke
Lair:5:   cheibrodos_lair_end_hotspot, layout_regular_city, pond,
          infiniplex_staircase_pool_2
Swamp:1:  layout_basic_swamp, hangedman_swamp_cone, swamp_pool1,
          infiniplex_staircase_pool
Swamp:2:  layout_basic_swamp, evilmike_swamp_ruin_house_3, uniq_aizul
Swamp:3:  layout_basic_swamp, evilmike_swamp_ruin_wall
Swamp:4:  swamp_old_school, layout_basic_swamp, swamp_pool5,
          beargit_kiku_chapel, uniq_mlioglotl
Snake:1:  layout_rooms, serial_shops, nicolae_shop_trees,
          nicolae_snake_gridmaze_spiral, st_stairs_4, minmay_shop_grove
Snake:2:  layout_basic, nicolae_shop_self_help
Snake:3:  layout_misc_corridors, nicolae_snake_snakes_in_the_grass
Snake:4:  grunt_snake_rune_spirals, layout_onion, serial_shops, shop,
          nicolae_snake_bzzzt
Orc:1:    layout_caves
Orc:2:    grunt_orc_cross, layout_caves, serial_shops, nicolae_lakefront_shop,
          shop, nicolae_shop_hallway_plus, nicolae_lakefront_shop,
          nicolae_shop_crystal
Vaults:1: nicolae_vaults_diagonal_hallway_8, v_rooms_3,
          vaults_dpeg_emergency_exit, v_misc_14,
          dpeg_vaults_pockets_of_resistance, nicolae_vaults_little_ls,
          vaults_mumra_hex, v_misc_9, vaults_room_large_hall, v_rooms_2,
          nicolae_vaults_stairing_the_circle, grunt_vaults_twisty,
          nicolae_vaults_asterisk, layout_vaults_maze_bifur, serial_shops,
          shop_statue, uniq_asterion
Vaults:2: vaults_dpeg_spiral, ontoclasm_vaults_ring_square,
          vaults_room_large_hall, hangedman_vaults_restitches,
          nicolae_vaults_network_barrier, v_misc_15,
          nicolae_vaults_sealed_display, vaults_dpeg_ring, v_misc_26, v_misc_4,
          v_alt_pattern_5, ontoclasm_vaults_gateway, layout_vaults_omnicross
Vaults:3: ontoclasm_vaults_misaligned, vaults_room_grid, vaults_room_grid,
          grunt_vaults_funnel, nicolae_vaults_shelves_hall,
          layout_vaults_chaotic_city, minmay_crypt_entry_nasty_monster,
          serial_shops, nicolae_shop_crystal
Vaults:4: nicolae_vaults_mini_display_case, v_pattern_4, vaults_room_boxed,
          v_misc_26, v_misc_26, grunt_vaults_bifocal, vaults_dpeg_cross,
          layout_vaults_omnigrid, serial_shops, shop, uniq_donald
Depths:1: layout_gridville, grunt_hell_entry_dis_mu, pan_entry,
          abyss_entry_small_statue_room, nrook_mini_backslash, st_stairs_6,
          nicolae_lava_and_water, kennysheep_generic_room_8, minmay_shoptagon

Skill      XL: |  1  2  3  4  5  6  7  8  9 10 11 12 13 14 15 16 17 18 19 20 |
---------------+-------------------------------------------------------------+-----
Maces & Flails | 2 3 5 6 7 8 |  8.0
Fighting       | 4 5 6 9 10 13 15 17 18 20 | 20.9
Evocations     | 3 5 8 10 | 10.0
Throwing       | 3 |  3.0
Armour         | 5 6 8 11 12 14 15 | 15.1
Invocations    | 7 8 10 14 15 | 15.0
Dodging        | 1 4 5 8 |  8.0
Polearms       | 7 11 14 | 14.0
Shields        | 8 11 12 | 12.0

Action                   |  1- 3 |  4- 6 |  7- 9 | 10-12 | 13-15 | 16-18 | 19-21 || total
-------------------------+-------+-------+-------+-------+-------+-------+-------++-------
Melee: Flail             |   103 |   200 |   308 |   297 |       |       |       ||   908
       Tailslap          |    14 |    19 |    44 |   123 |   227 |   248 |   260 ||   935
       Unarmed           |       |     7 |       |       |       |       |       ||     7
       Demon trident     |       |       |       |   463 |  1453 |  1587 |  1135 ||  4638
       Shillelagh        |       |       |       |       |     1 |       |       ||     1
       Trident           |       |       |       |       |       |    12 |    13 ||    25
Throw: Dart              |       |       |     6 |       |     9 |     2 |       ||    17
       Boomerang         |       |       |     3 |       |       |    16 |       ||    19
Invok: Lesser Servant of |       |       |       |     3 |     4 |       |       ||     7
       Major Destruction |       |       |       |       |     1 |     1 |       ||     2
       Greater Servant o |       |       |       |       |     1 |     9 |     1 ||    11
Evoke: Wand              |     2 |     8 |    19 |    22 |     7 |    75 |     3 ||   136
       Box of beasts     |       |       |       |       |       |     2 |       ||     2
       Phial of floods   |       |       |       |       |       |     1 |       ||     1
  Use: Potion            |     1 |       |       |     3 |     4 |    13 |     4 ||    25
       Scroll            |       |    11 |     1 |    10 |     9 |    13 |     3 ||    47
 Stab: Distracted        |       |       |       |       |     2 |     6 |     1 ||     9
       Petrified         |       |       |       |       |     5 |       |       ||     5
       Confused          |       |       |       |       |       |     3 |       ||     3
Armor: Scale mail        |    58 |    14 |    62 |       |       |       |       ||   134
       Chain mail        |       |   116 |   110 |   426 |   602 |   545 |   403 ||  2202
       Skin              |       |     2 |       |       |       |       |       ||     2
Dodge: Dodged            |    34 |    66 |   107 |   200 |   310 |   302 |   229 ||  1248
Block: Buckler           |    28 |    40 |    62 |   155 |   200 |    62 |       ||   547
       Kite shield       |       |       |       |       |       |   491 |   547 ||  1038
       Reflection        |       |       |       |       |       |    23 |    52 ||    75

Table legend: (Time is in decaauts)
 A = Elapsed time spent in this place.
 B = Non-inter-level travel time spent in this place.
 C = Inter-level travel time spent in this place.
 D = Time resting spent in this place.
 E = Time spent auto-exploring this place.
 F = Levels seen in this place.
 G = Mean time per level.
                   A        B        C        D        E       F      G
               +--------+--------+--------+--------+--------+-----+--------+
         Total |  44952 |  39244 |   5708 |   4611 |  23343 |  37 | 1214.9 |
       Dungeon |  17247 |  14697 |   2550 |   1846 |   9037 |  15 | 1149.8 |
        Temple |    199 |    199 |      0 |      0 |    153 |   1 |  199.0 |
          Lair |   7894 |   6885 |   1009 |    332 |   4925 |   5 | 1578.8 |
         Swamp |   3776 |   3362 |    414 |    197 |   2079 |   4 |  944.0 |
     Snake Pit |   6061 |   5462 |    599 |    757 |   2789 |   4 | 1515.2 |
  Orcish Mines |   2162 |   1710 |    452 |    369 |    686 |   2 | 1081.0 |
        Vaults |   6775 |   6093 |    682 |    961 |   3529 |   4 | 1693.8 |
        Depths |    264 |    264 |      0 |      0 |    120 |   1 |  264.0 |
      Ice Cave |    571 |    571 |      0 |    148 |     23 |   1 |  571.0 |
               +--------+--------+--------+--------+--------+-----+--------+

Top non-repeatable levels by time:
    D:13: 2797 daAuts
 Snake:4: 2543 daAuts
  Lair:2: 2341 daAuts
Vaults:1: 2311 daAuts
  Lair:3: 1922 daAuts
Vaults:2: 1663 daAuts
    D:15: 1612 daAuts
     D:9: 1584 daAuts
    D:10: 1536 daAuts
  Lair:5: 1458 daAuts
Vaults:3: 1438 daAuts
 Snake:1: 1377 daAuts
Vaults:4: 1361 daAuts
 Swamp:4: 1338 daAuts
 Snake:2: 1138 daAuts
